[Event "Titled Tuesday Blitz May 2 Late 2023"]
[White "Oliveira, Tiago Batista"]
[Black "Kohler, Aran"]
[WhiteFideId "2108291"]
[BlackFideId "1002856"]
[WhiteElo "1962"]
[BlackElo "2010"]
[Result "0-1"]
[Round "05"]
[TimeControl "180+2"]
[Date "2023.05.02"]
[WhiteClock "0:00:02"]
[BlackClock "0:00:31"]

1. d4 d5 2. c4 c6 3. Nf3 Nf6 4. Qc2 a6 5. g3 dxc4 6. Qxc4 b5 7. Qc2 Bb7 8. Bg2 Nbd7 9. O-O e6 10. Rd1 Bd6 11. e4 Bc7 12. Nbd2 O-O 13. e5 Nd5 14. Ne4 h6 15. a3 a5 16. Bd2 Qe7 17. Rac1 a4 18. g4 f6 19. exf6 N5xf6 20. g5 Nxe4 21. Qxe4 h5 22. Ne5 Nxe5 23. dxe5 Rab8 24. Bb4 c5 25. Bxc5 Qxg5 26. Be3 Bxe4 27. Bxg5 Bxg2 28. Rxc7 Bd5 29. Rdc1 Rf7 30. Rxf7 Kxf7 31. Rc7+ Kg6 32. f4 Kf5 33. Kf2 g6 34. h3 Ke4 35. Rc3 b4 36. Re3+ Kd4 37. Re2 bxa3 38. bxa3 Rb3 39. Be7 Rxh3 40. Rd2+ Ke4 41. Re2+ Kxf4 42. Re1 Rh2+ 43. Kg1 Rg2+ 44. Kf1 Ra2 45. Rc1 g5 0-1


[Site "https://www.chess.com"]

[Event "Titled Tuesday Blitz May 2 Late 2023"]
[White "Hartikainen, Jarmo"]
[Black "Harish, Neeraj"]
[WhiteFideId "503134"]
[BlackFideId "30958130"]
[WhiteElo "2108"]
[BlackElo "1965"]
[Result "1-0"]
[Round "05"]
[TimeControl "180+2"]
[Date "2023.05.02"]
[WhiteClock "0:00:34"]
[BlackClock "0:00:14"]

1. e4 e5 2. Nf3 Nc6 3. Bc4 Nf6 4. Ng5 d5 5. exd5 Na5 6. Bb5+ c6 7. dxc6 bxc6 8. Bd3 Nd5 9. Nf3 Bd6 10. O-O O-O 11. Re1 Re8 12. Nc3 f5 13. Bf1 e4 14. Nd4 Qc7 15. g3 Nf6 16. Bg2 Be5 17. Nde2 Ba6 18. d4 exd3 19. cxd3 Rad8 20. d4 Bxe2 21. Nxe2 c5 22. Be3 Nc4 23. Qb3 Qf7 24. dxe5 1-0


[Site "https://www.chess.com"]

[Event "Titled Tuesday Blitz May 2 Late 2023"]
[White "Roman, Rodrigo"]
[Black "Dias, Joao Batista"]
[WhiteFideId "3701220"]
[BlackFideId "2108240"]
[WhiteElo "1995"]
[BlackElo "1907"]
[Result "1-0"]
[Round "05"]
[TimeControl "180+2"]
[Date "2023.05.02"]
[WhiteClock "0:01:25"]
[BlackClock "0:01:54"]

1. e4 e5 2. Nf3 Nc6 3. d3 Be7 4. g3 Nf6 5. Bg2 O-O 6. O-O h6 7. Qe2 d6 8. Rd1 Bg4 9. c3 Qd7 10. Nbd2 Rad8 11. Nf1 a6 12. Ne3 Be6 13. Nh4 Nxe4 14. dxe4 Bxh4 15. gxh4 Ne7 16. Kh1 Ng6 17. Nf1 Nxh4 18. f4 Bg4 19. Qe1 Nxg2 20. Kxg2 Bxd1 21. Qxd1 exf4 22. Bxf4 Qe6 23. Ng3 c6 24. Qc2 d5 25. Re1 dxe4 26. Rxe4 Qxa2 27. Nf5 Qd5 28. Ne7+ 1-0


[Site "https://www.chess.com"]

[Event "Titled Tuesday Blitz May 2 Late 2023"]
[White "Georg, Heinz"]
[Black "Joubert, Dantelle"]
[WhiteFideId "4607295"]
[BlackFideId "14310813"]
[WhiteElo "2147"]
[BlackElo "1507"]
[Result "1-0"]
[Round "05"]
[TimeControl "180+2"]
[Date "2023.05.02"]
[WhiteClock "0:00:14"]
[BlackClock "0:00:01"]

1. b4 f5 2. Bb2 Nf6 3. c4 e6 4. b5 d5 5. e3 c6 6. a4 Bd6 7. d4 O-O 8. Nf3 Ne4 9. Nbd2 Nd7 10. g3 Bb4 11. Ba3 Bc3 12. Rc1 Qa5 13. Bd3 Re8 14. Qc2 e5 15. Bxe4 dxe4 16. Qxc3 Qxc3 17. Rxc3 exf3 18. Nxf3 exd4 19. Nxd4 Ne5 20. O-O Bd7 21. Kg2 a6 22. b6 Rac8 23. Nb3 c5 24. Nxc5 Bc6+ 25. f3 g5 26. e4 g4 27. fxg4 fxe4 28. Kh3 Nf3 29. Re3 Ng5+ 30. Kg2 Nf3 31. h4 Nd2 32. Rc1 Rcd8 33. Kh3 Nf3 34. g5 Rd2 35. Kg4 Nh2+ 36. Kf4 Rf8+ 37. Ke5 Rd5+ 38. cxd5 Re8+ 39. Kd6 1-0


[Site "https://www.chess.com"]

[Event "Titled Tuesday Blitz May 2 Late 2023"]
[White "Andreikin, Dmitry"]
[Black "Hakobyan, Aram"]
[WhiteFideId "4158814"]
[BlackFideId "13306677"]
[WhiteElo "2736"]
[BlackElo "2584"]
[Result "1/2-1/2"]
[Round "06"]
[TimeControl "180+2"]
[Date "2023.05.02"]
[WhiteClock "0:00:05"]
[BlackClock "0:00:08"]

1. d4 Nf6 2. c4 e6 3. Nf3 d5 4. Nc3 c5 5. cxd5 Nxd5 6. e4 Nxc3 7. bxc3 cxd4 8. cxd4 Bb4+ 9. Bd2 Bxd2+ 10. Qxd2 O-O 11. Bc4 Nd7 12. O-O b6 13. Rfe1 Bb7 14. Rad1 Rc8 15. Bb3 h6 16. h3 Re8 17. Qf4 Nf6 18. Ne5 Re7 19. Rd3 Rec7 20. d5 exd5 21. exd5 Qd6 22. Qf5 Re7 23. Rde3 Rce8 24. Nc4 Qxd5 25. Qxd5 Nxd5 26. Rxe7 Rxe7 27. Rd1 Nf4 28. Ne3 g6 29. Kh2 Kg7 30. h4 Ba6 31. Rd6 Bb5 32. Rd4 Ne6 33. Bxe6 Rxe6 34. Kg3 Bc6 35. Rd8 Re5 36. Rc8 Rc5 37. Rc7 a5 38. h5 gxh5 39. Kf4 Kg6 40. f3 h4 41. Rc8 h5 42. Rg8+ Kf6 43. Rh8 Kg7 44. Rb8 b5 45. Nf5+ Kf6 46. Nd4 Bd7 47. Rb6+ Kg7 48. a3 Rc4 49. Ke5 b4 50. axb4 Rxb4 51. Rd6 Bc8 52. Rc6 Bd7 53. Rd6 Rb7 54. Ra6 a4 55. Nf5+ Bxf5 56. Kxf5 Rb2 57. Rxa4 Rxg2 58. Rxh4 Kh6 59. Kf6 Rf2 60. Rh3 Rg2 61. f4 Rg4 62. f5 Rf4 63. Rd3 h4 64. Rd8 Kh5 65. Rh8+ Kg4 66. Rg8+ Kf3 67. Rh8 Kg3 68. Rg8+ Kh2 69. Rg7 h3 70. Rxf7 Kg3 71. Rh7 Rh4 72. Rg7+ Kf2 73. Ra7 h2 74. Ra1 h1=Q 75. Rxh1 Rxh1 76. Ke7 Re1+ 77. Kd7 Kg3 78. f6 Rf1 79. Ke7 Kg4 80. f7 Kg5 81. f8=Q Rxf8 82. Kxf8 1/2-1/2


[Site "https://www.chess.com"]

[Event "Titled Tuesday Blitz May 2 Late 2023"]
[White "Sarana, Alexey"]
[Black "Bortnyk, Mykola"]
[WhiteFideId "24133795"]
[BlackFideId "14120836"]
[WhiteElo "2714"]
[BlackElo "2582"]
[Result "1-0"]
[Round "06"]
[TimeControl "180+2"]
[Date "2023.05.02"]
[WhiteClock "0:00:12"]
[BlackClock "0:00:02"]

1. d4 d5 2. c4 dxc4 3. Nf3 Nf6 4. e3 a6 5. Bxc4 e6 6. Nc3 b5 7. Bb3 Bb7 8. O-O c5 9. e4 cxd4 10. Nxd4 Nc6 11. Nxc6 Qxd1 12. Rxd1 Bxc6 13. f3 Bc5+ 14. Kf1 Nd7 15. Bf4 Rc8 16. Rac1 h6 17. a4 g5 18. axb5 axb5 19. Bd2 b4 20. Ne2 O-O 21. h4 Be7 22. hxg5 hxg5 23. Nd4 Ne5 24. Nxc6 Nxc6 25. Ba4 Ne5 26. Bb5 Rfd8 27. Ke2 Rb8 28. Ba6 Rb6 29. Bc4 Nxc4 30. Rxc4 Rbd6 31. Rc2 Rd3 32. Bxb4 Rxd1 33. Bxe7 R8d7 34. Bxg5 Kg7 35. Bd2 Rb1 36. Bc3+ f6 37. Ke3 e5 38. Ke2 Kg6 39. Bd2 Rb7 40. Bc1 Ra1 41. Kf2 Raa7 42. Bd2 Rc7 43. Bc3 Rd7 44. Kg3 Rab7 45. Rc1 Rd3 46. Ra1 Rb6 47. Ra7 Rc6 48. Kg4 Rc4 49. Ra6 Rc5 50. g3 Re3 51. Rb6 Re2 52. Rd6 Rh2 53. f4 exf4 54. Rxf6+ Kh7 55. gxf4 Rg2+ 56. Kf3 Rh2 57. e5 Rc4 58. Kg4 Rg2+ 59. Kf3 Rh2 60. e6 Kg8 61. e7 Rc8 62. Bb4 Rhc2 63. Rf8+ Kg7 64. e8=Q 1-0


[Site "https://www.chess.com"]

[Event "Titled Tuesday Blitz May 2 Late 2023"]
[White "Chigaev, Maksim"]
[Black "Nakamura, Hikaru"]
[WhiteFideId "4108116"]
[BlackFideId "2016192"]
[WhiteElo "2547"]
[BlackElo "2885"]
[Result "0-1"]
[Round "06"]
[TimeControl "180+2"]
[Date "2023.05.02"]
[WhiteClock "0:00:06"]
[BlackClock "0:00:52"]

1. d4 Nf6 2. Bg5 c5 3. d5 g6 4. Bxf6 exf6 5. Nd2 f5 6. c3 Bg7 7. e3 O-O 8. g3 d6 9. Bg2 b5 10. h4 b4 11. Ne2 Ba6 12. Qc2 bxc3 13. bxc3 Nd7 14. Rc1 Ne5 15. c4 Rb8 16. O-O Rb2 17. Qxb2 Nf3+ 18. Bxf3 Bxb2 19. Rc2 Bf6 20. e4 Bc8 21. Nf4 Re8 22. Re1 Qa5 23. Re2 Bd7 24. Kg2 Qa4 25. Nb3 fxe4 26. Bxe4 Kg7 27. f3 Bd8 28. h5 Bg5 29. Nh3 Bf6 30. Nf2 a5 31. f4 Qb4 32. g4 h6 33. hxg6 fxg6 34. Nd3 Qb6 35. f5 a4 36. Nbc1 gxf5 37. gxf5 Bg5 38. Kf3 Qd8 39. Rg2 Rxe4 40. Kxe4 Qf6 41. Rcf2 Qd4+ 42. Kf3 Bxf5 43. Ke2 Bxd3+ 44. Nxd3 Qe3+ 0-1


[Site "https://www.chess.com"]

[Event "Titled Tuesday Blitz May 2 Late 2023"]
[White "Suleymanli, Aydin"]
[Black "Firouzja, Alireza"]
[WhiteFideId "13413937"]
[BlackFideId "12573981"]
[WhiteElo "2559"]
[BlackElo "2904"]
[Result "1-0"]
[Round "06"]
[TimeControl "180+2"]
[Date "2023.05.02"]
[WhiteClock "0:00:06"]
[BlackClock "0:00:04"]

1. e4 c5 2. Nf3 d6 3. c3 Nf6 4. Bd3 Nc6 5. O-O g6 6. Bc2 Bg7 7. h3 O-O 8. d4 cxd4 9. cxd4 d5 10. e5 Ne4 11. a3 Bf5 12. Re1 Rc8 13. g4 Be6 14. Nbd2 Nxd2 15. Bxd2 Qb6 16. Bc3 Bd7 17. Qd2 Nd8 18. Bb4 Ne6 19. Bd1 Rfe8 20. h4 Nd8 21. Nh2 Nc6 22. Bc3 Rf8 23. h5 Be6 24. h6 Bh8 25. f4 Bd7 26. Kh1 Nd8 27. Bf3 e6 28. Rac1 Nc6 29. g5 Ne7 30. Ng4 Nf5 31. Kh2 Rfe8 32. Be2 Bb5 33. Bxb5 Qxb5 34. Rc2 Rc6 35. Rec1 Rec8 36. Ne3 Ne7 37. Bb4 Rxc2 38. Rxc2 Nc6 39. Bc3 Qb6 40. Kg3 Qd8 41. b4 Bxe5 42. fxe5 Qxg5+ 43. Ng4 Qf5 44. Qf2 Nxd4 45. Bxd4 Rxc2 46. Nf6+ Kh8 47. Qxf5 gxf5 48. Bc5 Rc3+ 49. Kh4 Rc1 50. Bf8 Rh1+ 51. Kg3 Rg1+ 52. Kf2 Rg6 53. Ke3 Rxf6 54. exf6 Kg8 55. Bd6 Kh8 56. Kd4 Kg8 57. a4 a6 58. a5 Kh8 59. Ke3 Kg8 60. Kf3 Kh8 61. Ke2 Kg8 62. Kd3 Kh8 63. Kd4 Kg8 64. Kc5 Kh8 65. Be5 Kg8 66. Kb6 d4 67. Bxd4 f4 68. Kxb7 1-0


[Site "https://www.chess.com"]

[Event "Titled Tuesday Blitz May 2 Late 2023"]
[White "Dardha, Daniel"]
[Black "Caruana, Fabiano"]
[WhiteFideId "240990"]
[BlackFideId "2020009"]
[WhiteElo "2581"]
[BlackElo "2837"]
[Result "0-1"]
[Round "06"]
[TimeControl "180+2"]
[Date "2023.05.02"]
[WhiteClock "0:00:03"]
[BlackClock "0:00:12"]

1. d4 Nf6 2. Bg5 d5 3. e3 c5 4. Bxf6 gxf6 5. dxc5 Nc6 6. Nf3 e6 7. Be2 Bxc5 8. O-O Bd7 9. Nbd2 Qe7 10. a3 Rd8 11. Qc1 f5 12. b4 Bd6 13. c4 f4 14. e4 d4 15. c5 Bb8 16. Nc4 Qf6 17. Rd1 e5 18. Ne1 O-O 19. Nd3 Kh8 20. Bf3 Rg8 21. Kf1 Ne7 22. a4 Ng6 23. b5 Nh4 24. Ke2 Nxg2 25. h3 Nh4 26. Bg4 Bxg4+ 27. hxg4 Rxg4 28. Rh1 f3+ 29. Kd2 Rxe4 30. Kc2 Re2+ 31. Kb3 e4 32. Nb4 d3 33. Ne3 Be5 34. Rb1 Ng6 35. c6 bxc6 36. Nxc6 d2 37. Qc4 Rd3+ 38. Kb4 Qd6+ 39. Ka5 Qc7+ 40. b6 axb6+ 41. Rxb6 Re1 42. Rh5 d1=Q 43. Nxd1 Rexd1 44. Nxe5 Rd5+ 45. Ka6 Qxc4+ 46. Nxc4 Rxh5 47. Rb8+ Kg7 48. Ne3 Rd2 49. a5 Rxf2 50. Rb5 Rxb5 0-1


[Site "https://www.chess.com"]

[Event "Titled Tuesday Blitz May 2 Late 2023"]
[White "Grischuk, Alexander"]
[Black "Kamsky, Gata"]
[WhiteFideId "4126025"]
[BlackFideId "2000024"]
[WhiteElo "2727"]
[BlackElo "2660"]
[Result "1/2-1/2"]
[Round "06"]
[TimeControl "180+2"]
[Date "2023.05.02"]
[WhiteClock "0:00:39"]
[BlackClock "0:01:09"]

1. e4 c5 2. Nf3 e6 3. b3 b6 4. d4 cxd4 5. Nxd4 Bb7 6. Nd2 Nc6 7. Nxc6 Bxc6 8. Bb2 Nf6 9. Bd3 Qc7 10. Qe2 Be7 11. O-O-O d5 12. e5 Nd7 13. Kb1 Nc5 14. f4 Nxd3 15. cxd3 Bb5 16. Nf3 Bc5 17. g4 a5 18. Qd2 Bb4 19. Qe3 Bc5 20. Nd4 Qd7 21. f5 O-O-O 22. Rc1 Kb7 23. a4 Ba6 24. Ka2 Rc8 1/2-1/2


[Site "https://www.chess.com"]

[Event "Titled Tuesday Blitz May 2 Late 2023"]
[White "Matlakov, Maxim"]
[Black "Mekhitarian, Krikor Sevag"]
[WhiteFideId "4168003"]
[BlackFideId "2107660"]
[WhiteElo "2666"]
[BlackElo "2604"]
[Result "1-0"]
[Round "06"]
[TimeControl "180+2"]
[Date "2023.05.02"]
[WhiteClock "0:00:15"]
[BlackClock "0:00:01"]

1. e4 e6 2. d4 d5 3. Nd2 c5 4. Ngf3 cxd4 5. Nxd4 Nf6 6. e5 Nfd7 7. N2f3 Nc6 8. Bf4 Qb6 9. Rb1 Be7 10. c3 O-O 11. Bd3 Nc5 12. Bc2 Ne4 13. O-O f6 14. exf6 Bxf6 15. Be3 Qc7 16. Nxc6 bxc6 17. Bxe4 dxe4 18. Nd2 Ba6 19. Nxe4 Bxf1 20. Qxf1 Be7 21. Qc4 Qd7 22. Re1 Qd5 23. Qa4 a5 24. Rd1 Qb5 25. Qc2 Rad8 26. Re1 Qd3 27. Qxd3 Rxd3 28. Kf1 Rd5 29. Ke2 a4 30. Nd2 Bc5 31. Nc4 Bxe3 32. Nxe3 Rb5 33. Rb1 Rfb8 34. Nc4 Rc5 35. Na3 Re5+ 36. Kf1 Rc5 37. Ke2 Rd8 38. Nc2 Rcd5 39. Nd4 c5 40. Nf3 c4 41. Rc1 Kf7 42. Rc2 Kf6 43. Nd2 Rc8 44. f3 Ke7 45. Ne4 Rb5 46. Nd2 Rg5 47. g3 Rh5 48. h4 Rb5 49. Ke3 Rcc5 50. Ke2 Rc6 51. Ke3 g6 52. Ke2 h6 53. Ke3 h5 54. Ke2 g5 55. hxg5 Rxg5 56. Ne4 Rb5 57. Nd2 Rc8 58. Ke3 Rg5 59. Ne4 Rb5 60. Nd2 Kf7 61. Ne4 Rd5 62. Rh2 Kg6 63. Re2 Rd3+ 64. Kf2 Rf8 65. Nd2 Kf7 66. Nxc4 Ke7 67. Ne5 Rdd8 68. Ng6+ Kf6 69. Nxf8 Rxf8 70. Ke3 Rb8 71. Rd2 Kg5 72. Rh2 e5 73. Kd3 Rd8+ 74. Ke4 Rf8 75. Rf2 Kg6 76. b4 Rd8 77. b5 Rc8 78. Rc2 Rc5 79. c4 Kf6 80. b6 Ke6 81. b7 1-0


[Site "https://www.chess.com"]

[Event "Titled Tuesday Blitz May 2 Late 2023"]
[White "Terry, Renato"]
[Black "Livaic, Leon"]
[WhiteFideId "3803457"]
[BlackFideId "14531534"]
[WhiteElo "2575"]
[BlackElo "2509"]
[Result "1-0"]
[Round "06"]
[TimeControl "180+2"]
[Date "2023.05.02"]
[WhiteClock "0:00:38"]
[BlackClock "0:00:18"]

1. d4 e6 2. Nf3 Nf6 3. c4 d5 4. e3 b6 5. cxd5 exd5 6. Bd3 Bd6 7. Nc3 Bb7 8. Nb5 Be7 9. Qc2 c6 10. Nc3 O-O 11. O-O Bd6 12. e4 dxe4 13. Nxe4 Nxe4 14. Bxe4 h6 15. Ne5 Bxe5 16. dxe5 Qe7 17. Bf4 c5 18. Rad1 Nc6 19. Bxc6 Bxc6 20. Rd6 Bd7 21. Rfd1 Be6 22. a3 Rfc8 23. Qe4 Rab8 24. h3 c4 25. Bd2 a5 26. Bc3 Qg5 27. Kh2 Qf5 28. Qe3 Qg5 29. Qd4 Qe7 30. Rxb6 Rxb6 31. Qxb6 a4 32. Rd6 Kh7 33. Qe3 Bf5 34. Qf3 Bg6 35. Qf4 Qb7 36. e6 fxe6 37. Rxe6 Qc7 38. Be5 Qd7 39. Qg4 Be8 40. Qe4+ Kg8 41. Bc3 Bf7 42. Re7 Qd6+ 43. f4 Qg6 44. Qxg6 1-0


[Site "https://www.chess.com"]

[Event "Titled Tuesday Blitz May 2 Late 2023"]
[White "Henriquez Villagra, Cristobal"]
[Black "Kosakowski, Jakub"]
[WhiteFideId "3409350"]
[BlackFideId "1185080"]
[WhiteElo "2542"]
[BlackElo "2488"]
[Result "1-0"]
[Round "06"]
[TimeControl "180+2"]
[Date "2023.05.02"]
[WhiteClock "0:00:08"]
[BlackClock "0:00:05"]

1. e4 c6 2. d3 d5 3. Nd2 e5 4. g3 Bc5 5. Bg2 Nf6 6. Ngf3 O-O 7. O-O dxe4 8. dxe4 Qe7 9. Qe2 a5 10. Nc4 Nbd7 11. a4 Re8 12. Bd2 b6 13. Ne3 Ba6 14. c4 Nf8 15. Nf5 Qc7 16. Bc3 Rad8 17. b3 Bc8 18. h3 Bxf5 19. exf5 e4 20. Bxf6 gxf6 21. Nd2 Qxg3 22. Nxe4 Qg7 23. Kh1 Nd7 24. Rad1 Kh8 25. Rd3 Rg8 26. Rg3 Qf8 27. Qh5 Bd4 28. Rd1 Nc5 29. Rxd4 Rxd4 30. Nxf6 Rg7 31. Qh6 Rd8 32. Rg5 Nd3 33. Kg1 Nf4 34. h4 Rxg5 35. Qxh7# 1-0


[Site "https://www.chess.com"]

[Event "Titled Tuesday Blitz May 2 Late 2023"]
[White "Naroditsky, Daniel"]
[Black "Tanenbaum, Zachary"]
[WhiteFideId "2026961"]
[BlackFideId "2060850"]
[WhiteElo "2633"]
[BlackElo "2175"]
[Result "1-0"]
[Round "06"]
[TimeControl "180+2"]
[Date "2023.05.02"]
[WhiteClock "0:01:04"]
[BlackClock "0:00:01"]

1. d4 d5 2. Nc3 Nf6 3. Bf4 a6 4. e3 Bf5 5. Nf3 e6 6. Ne5 Nfd7 7. g4 Bg6 8. h4 Nxe5 9. Bxe5 h5 10. Bd3 Bxd3 11. cxd3 hxg4 12. Qxg4 Nd7 13. Bg3 Nf6 14. Qf3 c5 15. dxc5 Bxc5 16. O-O-O Rc8 17. Kb1 Qa5 18. Be5 Bb4 19. Ne2 Rh5 20. Bxf6 Rf5 21. Qg2 Rxf6 22. h5 Bf8 23. f4 Qb6 24. Nd4 Bc5 25. Qxg7 Bxd4 26. exd4 Qxd4 27. h6 Ke7 28. h7 Qf2 29. h8=Q Qc2+ 30. Ka1 Rxh8 31. Qxh8 Rxf4 32. Rc1 Qxd3 33. Rc7+ Kd6 34. Rhc1 Rc4 35. Qd8+ Ke5 36. R7xc4 dxc4 37. Qc7+ Kd4 38. Qf4+ Kd5 39. Qxf7 b5 40. Re1 Kc5 41. Qxe6 1-0


[Site "https://www.chess.com"]

[Event "Titled Tuesday Blitz May 2 Late 2023"]
[White "Klimkowski, Jan"]
[Black "Deac, Bogdan-Daniel"]
[WhiteFideId "21856222"]
[BlackFideId "1226380"]
[WhiteElo "2331"]
[BlackElo "2649"]
[Result "0-1"]
[Round "06"]
[TimeControl "180+2"]
[Date "2023.05.02"]
[WhiteClock "0:00:14"]
[BlackClock "0:00:13"]

1. e4 Nf6 2. e5 Nd5 3. d4 d6 4. exd6 cxd6 5. c4 Nf6 6. Nc3 g6 7. Nf3 Bg7 8. Be2 O-O 9. O-O d5 10. c5 Nc6 11. Bf4 Bg4 12. Rc1 Ne4 13. Be3 e6 14. h3 Bxf3 15. Bxf3 f5 16. Ne2 g5 17. Qd3 Qf6 18. Qb3 Qf7 19. Bxe4 dxe4 20. Bxg5 Nxd4 21. Nxd4 Bxd4 22. Bh6 Rfd8 23. c6 bxc6 24. Rxc6 Rab8 25. Qg3+ Qg6 26. Qxg6+ hxg6 27. b3 Rb6 28. Rfc1 Rxc6 29. Rxc6 Bb6 30. Kf1 Rd1+ 31. Ke2 Ra1 32. Rc2 e5 33. Be3 Bd4 34. Rd2 Bc3 35. Rc2 Re1# 0-1


[Site "https://www.chess.com"]

[Event "Titled Tuesday Blitz May 2 Late 2023"]
[White "Sanal, Vahap"]
[Black "Halkias, Stelios"]
[WhiteFideId "6300545"]
[BlackFideId "4201809"]
[WhiteElo "2606"]
[BlackElo "2451"]
[Result "1-0"]
[Round "06"]
[TimeControl "180+2"]
[Date "2023.05.02"]
[WhiteClock "0:00:52"]
[BlackClock "0:00:11"]

1. e4 e5 2. Nf3 Nc6 3. Bb5 a6 4. Bxc6 dxc6 5. O-O Bd6 6. d4 exd4 7. Qxd4 f6 8. Bd2 Ne7 9. Bb4 Be6 10. Bxd6 Qxd6 11. Qxd6 cxd6 12. Nd4 Bf7 13. Nc3 O-O-O 14. Rfe1 Rhe8 15. Rad1 Kc7 16. h3 b5 17. a3 c5 18. Nde2 Ng6 19. Ng3 Ne5 20. b3 Nc6 21. Nf5 g6 22. Ne3 Kb7 23. Ned5 Bxd5 24. Nxd5 f5 25. exf5 gxf5 26. c3 Ne5 27. f4 Ng6 28. g3 Rf8 29. Re6 Rfe8 30. Rf6 Kc6 31. Rf7 Rc8 32. Nf6 Re2 33. Ra7 Rf8 34. Rxa6+ Kb7 35. Rdxd6 Rf7 36. Rdb6+ Kc8 37. Ra8+ Kc7 38. Nd5+ Kd7 39. Ra7+ Kc8 40. Rxf7 1-0


[Site "https://www.chess.com"]

[Event "Titled Tuesday Blitz May 2 Late 2023"]
[White "Papasimakopoulos, Alexandros"]
[Black "Maghsoodloo, Parham"]
[WhiteFideId "4244125"]
[BlackFideId "12539929"]
[WhiteElo "2359"]
[BlackElo "2647"]
[Result "0-1"]
[Round "06"]
[TimeControl "180+2"]
[Date "2023.05.02"]
[WhiteClock "0:00:08"]
[BlackClock "0:00:04"]

1. d4 Nf6 2. c4 g6 3. Nc3 d5 4. Nf3 Bg7 5. Qb3 dxc4 6. Qxc4 Be6 7. Qb5+ Nbd7 8. Qxb7 O-O 9. e4 c5 10. d5 Bg4 11. Be2 Rb8 12. Qa6 Rb4 13. a3 Bxf3 14. gxf3 Rd4 15. Qxa7 Nh5 16. Be3 Be5 17. Nb5 Nf4 18. Nxd4 cxd4 19. Bxd4 Qc8 20. Bxe5 Nxe5 21. Qa4 Qc5 22. Qd1 Rb8 23. Rb1 Rb6 24. h4 Rf6 25. Rc1 Nfd3+ 26. Bxd3 Nxd3+ 27. Qxd3 Qxc1+ 28. Qd1 Qxb2 29. O-O Rf4 30. Kg2 Rxh4 31. Rh1 Rxh1 32. Qxh1 Qxa3 33. Qb1 Qd6 34. Qd3 g5 35. Qd4 f6 36. Qc3 Kg7 37. Qd4 h5 38. Qc3 Qf4 39. Qd4 h4 40. Qd3 Qe5 41. Qe2 f5 42. Qd3 g4 43. exf5 h3+ 44. Kf1 Qa1+ 45. Ke2 h2 46. Qe4 gxf3+ 47. Kd2 Qb2+ 48. Ke3 Qc3+ 49. Kf4 Qc7+ 50. Ke3 h1=Q 51. Qg4+ Kf8 52. Qb4 Qcc1+ 53. Ke4 Qhe1+ 54. Kxf3 Qxb4 0-1


[Site "https://www.chess.com"]

[Event "Titled Tuesday Blitz May 2 Late 2023"]
[White "Sargsyan, Shant"]
[Black "Prohaszka, Peter"]
[WhiteFideId "13306766"]
[BlackFideId "726265"]
[WhiteElo "2628"]
[BlackElo "2626"]
[Result "1-0"]
[Round "06"]
[TimeControl "180+2"]
[Date "2023.05.02"]
[WhiteClock "0:00:19"]
[BlackClock "0:00:02"]

1. g3 d5 2. Bg2 e5 3. d3 Bd6 4. c3 c6 5. e4 Nf6 6. Qe2 O-O 7. Nf3 Re8 8. O-O h6 9. a4 a5 10. Na3 Bg4 11. h3 Be6 12. exd5 cxd5 13. Nb5 Nc6 14. Re1 Bb8 15. Be3 Ra6 16. Kh2 Ne7 17. d4 e4 18. Ne5 Nd7 19. f4 Nf5 20. Bf2 f6 21. Ng4 Nf8 22. Rad1 Ng6 23. Ne3 Nfh4 24. c4 Nxg2 25. Nxg2 Qd7 26. Qh5 Bf7 27. Qe2 h5 28. cxd5 h4 29. d6 hxg3+ 30. Bxg3 f5 31. Ne3 Bxd6 32. Nxd6 Rxd6 33. d5 Ne7 34. Rg1 Nxd5 35. Nc4 Rh6 36. Qg2 Qc8 37. Ne5 Rxe5 38. fxe5 Rg6 39. Rc1 Qe6 40. Qc2 f4 41. Bh4 Rh6 42. Qc8+ Kh7 43. Rg4 Ne3 44. Qxe6 Bxe6 45. Rxf4 Rg6 46. Rg1 Bd5 47. Bf2 Nc2 48. Rh4+ Rh6 49. Rxh6+ gxh6 50. Rd1 Bc6 51. Rd2 Nb4 52. e6 Kg6 53. e7 Kf7 54. Bh4 Nd3 55. Rd1 Ke6 56. Rf1 e3 57. Rf8 1-0


[Site "https://www.chess.com"]

[Event "Titled Tuesday Blitz May 2 Late 2023"]
[White "Aldokhin, Ivan"]
[Black "Ter-Sahakyan, Samvel"]
[WhiteFideId "24115720"]
[BlackFideId "13302531"]
[WhiteElo "2322"]
[BlackElo "2566"]
[Result "0-1"]
[Round "06"]
[TimeControl "180+2"]
[Date "2023.05.02"]
[WhiteClock "0:00:03"]
[BlackClock "0:00:06"]

1. e4 c5 2. Nf3 e6 3. d4 cxd4 4. Nxd4 Nf6 5. Nc3 Nc6 6. Nxc6 bxc6 7. Bd3 d5 8. Qe2 Be7 9. Bf4 O-O 10. O-O a5 11. Rad1 g6 12. Rfe1 Re8 13. exd5 exd5 14. h3 Be6 15. Qf3 Qb6 16. Na4 Qb7 17. Bg5 Nd7 18. Bxe7 Rxe7 19. h4 Qb4 20. b3 Qxh4 21. Bf1 Rae8 22. Qc3 Nf6 23. g3 Qg5 24. Qxa5 h5 25. Qd2 Qf5 26. Nc5 h4 27. Qf4 Qxf4 28. gxf4 Bg4 29. Rxe7 Rxe7 30. Ra1 Nh5 31. a4 Nxf4 32. a5 Ra7 33. Ra4 g5 34. Nd3 Ne2+ 35. Bxe2 Bxe2 36. Nc5 Bb5 37. Ra3 Kg7 38. b4 f5 39. Re3 g4 40. Re6 f4 41. Kg2 f3+ 42. Kh2 g3+ 43. Kg1 h3 44. fxg3 h2+ 45. Kxh2 f2 46. Re5 f1=Q 47. Rg5+ Kf6 48. Rg4 Qf2+ 49. Kh3 Bf1+ 50. Kh4 Rh7# 0-1


[Site "https://www.chess.com"]

[Event "Titled Tuesday Blitz May 2 Late 2023"]
[White "Ibarra Jerez, Jose Carlos"]
[Black "Sai Krishna G V"]
[WhiteFideId "2226332"]
[BlackFideId "5028280"]
[WhiteElo "2638"]
[BlackElo "2359"]
[Result "1-0"]
[Round "06"]
[TimeControl "180+2"]
[Date "2023.05.02"]
[WhiteClock "0:00:08"]
[BlackClock "0:00:12"]

1. e4 e5 2. Nf3 Nc6 3. Nc3 Nf6 4. h3 g6 5. d4 exd4 6. Nxd4 Bg7 7. Nxc6 bxc6 8. Bd3 d5 9. O-O O-O 10. Qf3 d4 11. Na4 Nd7 12. Qg3 Nb6 13. Nc5 Qd6 14. Nb3 c5 15. Bf4 Qc6 16. Na5 Qa4 17. Nc4 Nxc4 18. b3 Qc6 19. bxc4 Be6 20. Bxc7 Qa4 21. Bd6 Rfc8 22. f4 Bxc4 23. f5 Bxd3 24. cxd3 c4 25. dxc4 Qxc4 26. e5 Qd5 27. Rad1 Rc2 28. Rf4 Bxe5 29. Bxe5 Qxe5 30. fxg6 hxg6 31. Rdxd4 Rxa2 32. Kh2 a5 33. Qb3 Qe6 34. Qxe6 fxe6 35. Rf6 Kg7 36. Rxe6 Rf8 37. Rdd6 Rff2 38. Rxg6+ Kf7 39. Rg3 a4 40. Ra6 a3 41. h4 Rf4 42. Kh3 Ra1 43. Rgxa3 Rh1+ 44. Kg3 Rhxh4 45. Ra7+ Ke6 46. R3a6+ Kd5 47. Rg7 Re4 48. Rg5+ Kd4 49. Ra4+ Ke3 50. Rxe4+ Rxe4 51. Rf5 Kd4 52. Rf4 Ke5 53. Rxe4+ Kxe4 54. Kg4 Ke5 55. Kg5 Ke6 56. g4 Kf7 57. Kh6 Kg8 58. Kg6 Kh8 59. Kf7 Kh7 60. g5 Kh8 61. Kg6 Kg8 62. Kh6 Kh8 63. g6 Kg8 64. g7 Kf7 65. Kh7 Ke7 66. g8=Q 1-0


[Site "https://www.chess.com"]

[Event "Titled Tuesday Blitz May 2 Late 2023"]
[White "Mendez Fortes, Eduardo Jesus"]
[Black "Kramnik, Vladimir"]
[WhiteFideId "3502376"]
[BlackFideId "4101588"]
[WhiteElo "2307"]
[BlackElo "2712"]
[Result "0-1"]
[Round "06"]
[TimeControl "180+2"]
[Date "2023.05.02"]
[WhiteClock "0:00:03"]
[BlackClock "0:00:04"]

1. e4 c5 2. Nf3 e6 3. d4 cxd4 4. Nxd4 a6 5. c4 Nf6 6. Nc3 Qc7 7. Be2 b6 8. O-O Bb7 9. f3 Be7 10. Be3 d6 11. Qd2 Nbd7 12. Rfc1 O-O 13. a4 Rfc8 14. a5 bxa5 15. Nb3 Rab8 16. Nxa5 Ba8 17. Bf1 Qd8 18. b4 Rxb4 19. Nd5 exd5 20. Qxb4 dxe4 21. fxe4 Ng4 22. Ba7 Nc5 23. h3 Bf6 24. Nb3 Ne3 25. Nxc5 dxc5 26. Qb6 Qd4 27. Kh1 Qxe4 28. Ra2 Qf5 29. Qxa6 Nxg2 30. Bxc5 Ne3+ 31. Qxa8 Nxf1 32. Qg2 Qxc5 33. Qxf1 h5 34. Qg2 g6 35. Rf2 Kg7 36. Rcf1 Rc6 37. Qd5 Qxd5+ 38. cxd5 Rd6 39. Rd1 Be5 40. Re2 f6 41. Ra2 g5 42. Kg2 Kg6 43. Re2 g4 44. hxg4 hxg4 45. Re4 Kf5 46. Ra4 Kg5 47. Re4 Rb6 48. Re2 Bd6 49. Re6 f5 50. Rf1 f4 51. Rfe1 f3+ 52. Kf1 g3 53. R1e5+ Bxe5 54. Rxb6 g2+ 55. Kf2 Bd4+ 56. Kxf3 g1=Q 57. Rb3 Qf2+ 58. Ke4 Bc5 59. Rf3 Qd4# 0-1


[Site "https://www.chess.com"]